 Dungeon Crawl Stone Soup version 0.29-a0-284-gf9362112df (webtiles) character file.

Game seed: 12583335883234307515

1241 pokeman the Thaumaturge (level 8, -4/44 HPs)
             Began as a Deep Elf Hedge Wizard on Mar 26, 2022.
             Slain by a kobold brigand
             ... wielding a +2 dagger of distortion
              (7 damage)
             ... on level 5 of the Dungeon.
             The game lasted 00:13:10 (7032 turns).

pokeman the Thaumaturge (Deep Elf Hedge Wizard)     Turns: 7032, Time: 00:13:11

Health: -4/44      AC:  5    Str:  7    XL:     8   Next: 25%
Magic:  13/23      EV: 12    Int: 22    God:
Gold:   260        SH:  0    Dex: 14    Spells: 14/25 levels left

rFire   + . .      SeeInvis .   g - +2 dagger (venom)
rCold   x . .      Faith    .   (no shield)
rNeg    . . .      Spirit   .   j - +0 leather armour
rPois   .          Reflect  .   c - +0 hat
rElec   .          Harm     .   (no cloak)
rCorr   .          Rampage  .   (no gloves)
Will    .....                   E - +1 pair of boots
Stlth   ++........              (no amulet)
HPRegen 0.14/turn               h - ring of fire
MPRegen 0.18/turn               o - ring of wizardry

@: no status effects
A: no striking features
a: no special abilities


You were on level 5 of the Dungeon.
You visited 1 branch of the dungeon, and saw 5 of its levels.
You also visited: Sewer.

You collected 260 gold pieces.

Inventory:

Hand Weapons
 g - a +2 dagger of venom (weapon)
Missiles
 C - a throwing net
Armour
 c - a +0 hat (worn)
 j - a +0 leather armour (worn)
 q - a +2 ring mail of fire resistance
 E - a +1 pair of boots (worn)
Magical Staves
 w - a staff of earth
Jewellery
 h - a ring of fire (left hand)
 o - a ring of wizardry (right hand)
Scrolls
 b - a scroll of silence {unknown}
 f - 3 scrolls of teleportation
 i - 2 scrolls of vulnerability {unknown}
 k - 6 scrolls of identify {unknown}
 l - 2 scrolls of summoning {unknown}
 m - a scroll of noise {unknown}
 n - a scroll of torment {unknown}
 p - a scroll of immolation {unknown}
 r - a scroll of magic mapping {unknown}
 s - a scroll of brand weapon {unknown}
 v - 3 scrolls of fog {unknown}
 y - 2 scrolls of enchant armour {unknown}
 A - a scroll of blinking {unknown}
 D - a scroll of amnesia {unknown}
Potions
 a - a potion of curing {unknown}
 d - 2 potions of magic
 t - a potion of berserk rage {unknown}
 u - a potion of heal wounds
 x - a potion of flight {unknown}
 z - 3 potions of mutation {unknown}
 B - a potion of lignification {unknown}


   Skills:
 - Level 2.0 Fighting
 + Level 2.1 Armour
 - Level 3.0 Dodging
 - Level 3.0 Stealth
 * Level 9.3 Spellcasting
 + Level 4.8 Conjurations
 - Level 1.1 Summonings
 - Level 1.1 Translocations
 + Level 2.7 Fire Magic
 - Level 1.2 Air Magic
 - Level 1.0 Earth Magic
 - Level 2.1 Poison Magic
 - Level 1.0 Evocations


You had 14 spell levels left.
You knew the following spells:

 Your Spells              Type           Power      Damage    Failure   Level
a - Magic Dart            Conj           100%       1d8       1%          1
b - Mephitic Cloud        Conj/Pois/Air  22%        N/A       3%          3
c - Call Imp              Summ           15%        N/A       3%          2
d - Blink                 Tloc           30%        N/A       3%          2
e - Conjure Flame         Conj/Fire      40%        6-21      2%          3

Your spell library contained the following spells:

 Spells                   Type           Power      Damage    Failure   Level
 Beastly Appendage        Tmut           20%        N/A       4%          1
 Slow                     Hex            40%        N/A       4%          1
 Wereblood                Tmut           10%        N/A       6%          2
 Spider Form              Tmut/Pois      15%        N/A       8%          3


Dungeon Overview and Level Annotations

Branches:
Dungeon (5/15)              Sewer (visited)
 Temple: D:4-7

Altars:
Elyvilon
Ru
Xom

Portals:
Abyss: D:5

Annotations:
D:5 ooooo's ghost, novice OpCj


Message History

Ooooo's ghost is lightly damaged.
Ooooo's ghost hits you.
You are electrocuted!
The crimson imp blinks!
Casting: Magic Dart (safe; 1% risk of failure)
Confirm with . or Enter, or press ? or * to list all spells.
Aiming: Magic Dart (safe; 1% risk of failure)
Press: ? - help, Shift-Dir - straight line, f/p - crimson imp
Aim: a crimson imp, wielding a +0 falchion (moderately wounded, 100% to hit)
The magic dart hits ooooo's ghost.
Ooooo's ghost is lightly damaged.
Ooooo's ghost stares at you and mumbles some strange words.
The magic dart hits you.
Press: ? - help, v - describe, . - travel
Here: ooooo's ghost, wielding a weapon of electrocution (lightly damaged)
A one-way gate to the infinite horrors of the Abyss.
Unknown command.
There is a transporter landing site here.
The iron imp shouts, "Crawl home, thou erky mumble-news gonus!"
You hear a shout!
The iron imp picks up a beetle and eats it.
The crimson imp blinks!
The crimson imp hits you but does no damage.
Ooooo's ghost attacks as you move away! Ooooo's ghost hits you.
* * * LOW HITPOINT WARNING * * *
The crimson imp barely misses you. The crimson imp misses you.
Ooooo's ghost attacks as you move away! Ooooo's ghost hits you.
* * * LOW HITPOINT WARNING * * *
Ooooo's ghost attacks as you move away!
Ooooo's ghost hits you but does no damage.
Ooooo's ghost enters a dispersal trap!
The crimson imp blinks!
You blink.
You enter a dispersal trap!
Ooooo's ghost blinks!
The crimson imp blinks! x3
You blink.
Ooooo's ghost blinks!
You see here 3 scrolls of teleportation.
The kobold brigand shouts!
Ooooo's ghost hits you.
* * * LOW HITPOINT WARNING * * *
There is a transporter here.
You enter the transporter and appear at another place.
The kobold brigand hits you with a +2 dagger of distortion!
You die...

########### #
##.......#.#######
##..####..<...##..#
#..................
#..[...............
#.......###..###...
##..###.##[####.##..
#..W#####..###...#..
#..@#.#..##....#©#©.
#..K##..^#.#5.∩..##.
####....#..^##.###.#.##
#.......##?.#.##.#...##
##...#....##..©#..##.##.
#..........#...##..###..
##...##.....#....#.......
#....#....###...5##......
#.........# ......#####..


You could see a kobold brigand and ooooo's ghost.

Vanquished Creatures
  A water moccasin (Sewer)
  An ice beast (D:5)
  A black bear (D:5)
  An ogre (D:5)
  A centaur (D:5)
  2 phantoms
  3 scorpions
  A jelly (D:3)
  A gnoll shaman (D:5)
  3 orc priests (D:3)
  Terence (D:3)
  2 iguanas
  8 gnolls
  6 adders
  A river rat (D:4)
  2 ufetubi (D:5)
  3 worms
  2 dart slugs (D:2)
  3 orcs
  11 ball pythons
  7 bats
  An endoplasm (D:4)
  5 giant cockroaches
  10 goblins
  4 hobgoblins
  5 jackals
  7 kobolds
  4 quokkas
  3 frilled lizards
  8 rats
108 creatures vanquished.

Vanquished Creatures (collateral kills)
  An orc (D:2)
1 creature vanquished.

Grand Total: 109 creatures vanquished

Notes
Turn   | Place    | Note
-------+----------+-------------------------------------------
     0 | D:1      | pokeman the Deep Elf Hedge Wizard began the quest for the
                  | Orb.
     0 | D:1      | Reached XP level 1. HP: 10/10 MP: 7/7
   407 | D:1      | Reached XP level 2. HP: 16/16 MP: 5/9
   949 | D:2      | Found a faded altar of an unknown god.
  1143 | D:2      | Reached skill level 5 in Spellcasting
  1405 | D:2      | Reached XP level 3. HP: 20/20 MP: 7/11
  1409 | D:2      | Learned a level 3 spell: Mephitic Cloud
  1412 | D:2      | Learned a level 2 spell: Call Imp
  1415 | D:2      | Learned a level 2 spell: Blink
  1419 | D:2      | Learned a level 3 spell: Conjure Flame
  1446 | D:2      | Found a white marble altar of Elyvilon.
  2043 | D:2      | Reached skill level 1 in Armour
  2146 | D:2      | Reached skill level 1 in Fighting
  2679 | D:3      | Reached XP level 4. HP: 25/25 MP: 7/13
  2963 | D:3      | Reached skill level 1 in Fire Magic
  2966 | D:3      | Reached skill level 6 in Spellcasting
  2966 | D:3      | Reached XP level 5. HP: 17/29 MP: 6/15
  3032 | D:3      | Noticed Terence
  3043 | D:3      | Killed Terence
  3125 | D:3      | HP: 1/29 [poisoned by an orc priest]
  3126 | D:3      | Reached skill level 1 in Air Magic
  3830 | D:3      | Reached XP level 6. HP: 28/34 MP: 5/17
  4274 | D:4      | Found a glowing drain.
  4287 | Sewer    | Entered a sewer
  4475 | Sewer    | Noticed a water moccasin
  4511 | Sewer    | Killed a water moccasin
  4512 | Sewer    | Reached skill level 7 in Spellcasting
  4512 | Sewer    | Reached skill level 1 in Poison Magic
  4773 | D:4      | Found a sacrificial altar of Ru.
  4875 | D:4      | Reached XP level 7. HP: 23/39 MP: 7/20
  5694 | D:5      | Entered Level 5 of the Dungeon
  5728 | D:5      | Reached skill level 8 in Spellcasting
  5733 | D:5      | Reached skill level 1 in Earth Magic
  5733 | D:5      | Reached skill level 1 in Evocations
  6140 | D:5      | Found a transporter.
  6411 | D:5      | Reached XP level 8. HP: 44/44 MP: 11/22
  6416 | D:5      | Reached skill level 9 in Spellcasting
  6797 | D:5      | Found a shimmering altar of Xom.
  6843 | D:5      | Found a one-way gate to the infinite horrors of the Abyss.
  6843 | D:5      | Noticed ooooo's ghost (novice OpCj)
  6866 | D:5      | Found a transporter.
  7030 | D:5      | HP: 2/44 [ooooo's ghost (6)]
  7032 | D:5      | Slain by a kobold brigand

Illustrated notes

Levels and vault maps discovered:
D:1:      mrwooster_arrival_statue, layout_rooms
D:2:      layout_basic, ebering_ecumenical_altar_hall, basic_altar
D:3:      layout_basic, kennysheep_generic_room_4, uniq_terence
D:4:      layout_basic, nicolae_overflow_crystal_walls, gup_sewer_entry_bubbles,
          minmay_checkerbox
D:5:      layout_cave_pools, general_overflow_altar,
          gammafunk_ghost_abyssal_escape, nicolae_underground_beach

Skill      XL: |  1  2  3  4  5  6  7  8 |
---------------+-------------------------+-----
Spellcasting   | 5 6 7 8 9 |  9.3
Armour         | 1 2 |  2.1
Fighting       | 1 2 |  2.0
Conjurations   | 2 3 4 |  4.8
Fire Magic     | 1 2 |  2.7
Dodging        | 3 |  3.0
Air Magic      | 1 |  1.2
Stealth        | 3 |  3.0
Poison Magic   | 1 2 |  2.1
Earth Magic    | 1 |  1.0
Evocations     | 1 |  1.0
Summonings     | |  1.1
Translocations | |  1.1

Action                   |  1- 3 |  4- 6 |  7- 9 || total
-------------------------+-------+-------+-------++-------
Melee: Dagger            |     5 |    53 |    15 ||    73
       Punch             |     1 |       |       ||     1
 Cast: Magic Dart        |   116 |    78 |    78 ||   272
       Call Imp          |     2 |     1 |     2 ||     5
       Mephitic Cloud    |     1 |    11 |    12 ||    24
       Conjure Flame     |     1 |     4 |     5 ||    10
       Blink             |       |       |     1 ||     1
  Use: Potion            |       |     1 |       ||     1
 Stab: Confused          |       |     4 |     1 ||     5
       Sleeping          |       |     1 |       ||     1
Armor: Leather armour    |    10 |     5 |    10 ||    25
Dodge: Dodged            |    17 |    39 |    26 ||    82

Table legend: (Time is in decaauts)
 A = Elapsed time spent in this place.
 B = Non-inter-level travel time spent in this place.
 C = Inter-level travel time spent in this place.
 D = Time resting spent in this place.
 E = Time spent auto-exploring this place.
 F = Levels seen in this place.
 G = Mean time per level.
                   A        B        C        D        E       F      G
               +--------+--------+--------+--------+--------+-----+--------+
         Total |   7077 |   6782 |    295 |    659 |   5014 |   6 | 1179.5 |
       Dungeon |   6711 |   6416 |    295 |    647 |   4719 |   5 | 1342.2 |
         Sewer |    365 |    365 |      0 |     12 |    295 |   1 |  365.0 |
               +--------+--------+--------+--------+--------+-----+--------+

Top non-repeatable levels by time:
     D:2: 1977 daAuts
     D:4: 1579 daAuts
     D:3: 1336 daAuts
     D:5: 1005 daAuts
     D:1: 813 daAuts
   Sewer: 365 daAuts
